 Dungeon Crawl Stone Soup version 0.23.1-37-gaa34b87b72 (webtiles) character file.

Game seed: 8025227118249863281

1691 barcode the Slicer (level 8, 0/85 HPs)
             Began as a Deep Dwarf Chaos Knight on Mar 21, 2019.
             Was a Plaything of Xom.
             Slain by a hornet (3 damage)
             ... on level 7 of the Dungeon.
             The game lasted 00:22:45 (6281 turns).

barcode the Slicer (Deep Dwarf Chaos Knight)        Turns: 6281, Time: 00:22:46

Health: 0/85       AC:  8    Str: 17 (18) XL:     8   Next: 72%
Magic:  6/6        EV: 14    Int: 13      God:    Xom [.*....]
Gold:   294        SH:  0    Dex: 12      Spells: 7/7 levels left

rFire    . . .     SeeInvis .   y - +2 rapier (vamp)
rCold    + + .     Gourm    .   (no shield)
rNeg     . . .     Faith    .   b - +2 leather armour
rPois    +         Spirit   .   f - +2 hat
rElec    +         Reflect  .   j - +0 cloak
rCorr    +         Harm     .   (no gloves)
MR       +....                  r - +0 pair of boots
Stlth    +.........             (no amulet)
HPRegen  0.00/turn              h - ring of ice
MPRegen  0.10/turn              z - +2 ring of evasion

@: resistant, non-regenerating, hasted and slowed
A: damage resistance, heal wounds, deformed body, deterioration 1, dopey 1, low
mp 1, sense surroundings 1, robust 1, strong 1, wild magic 1, no regeneration
a: Heal Wounds, Renounce Religion


You were on level 7 of the Dungeon.
You worshipped Xom.
You were a plaything of Xom.
You were not hungry.

You visited 1 branch of the dungeon, and saw 7 of its levels.

You collected 294 gold pieces.

Inventory:

Hand Weapons
 a - a +0 short sword of chaos
 p - a +0 blowgun
 q - a +0 short sword of protection
 w - a +0 hunting sling
 y - a +2 vampiric rapier (weapon)
Missiles
 s - 8 poisoned needles
 B - 3 tomahawks (quivered)
Armour
 b - a +2 leather armour (worn)
 f - a +2 hat (worn)
 j - a +0 cloak (worn)
 r - a +0 pair of boots (worn)
Jewellery
 h - a ring of ice (left hand)
 z - a +2 ring of evasion (right hand)
Scrolls
 m - 2 scrolls of remove curse
 v - a scroll of blinking
 A - a scroll of amnesia
Potions
 e - a potion of magic
 g - a potion of heal wounds
 i - 4 potions of mutation
 k - 3 potions of curing
 l - a potion of cancellation {unknown}
 n - a potion of haste
 o - a potion of might
 t - a potion of flight {unknown}
 u - a potion of resistance
 x - a potion of invisibility {unknown}
Comestibles
 c - 8 rations
 d - 5 chunks of flesh


   Skills:
 + Level 6.8 Fighting
 * Level 8.0 Short Blades
 - Level 3.3 Armour
 - Level 2.4 Dodging


You had 7 spell levels left.
You didn't know any spells.
Your spell library was empty.

Dungeon Overview and Level Annotations

Branches:
Dungeon (7/15)
 Temple: D:4-7

Altars:
Cheibriados
Dithmenos
Fedhas
Xom

Annotations:
D:2 1 runed translucent door, Crazy Yiuf
D:5 exclusion: ogre
D:7 exclusion: hippogriff


Innate Abilities, Weirdness & Mutations

You are resistant to damage.
You can heal yourself by infusing magical energy.
You passively map a small area around you.
You do not regenerate.
Armour fits poorly on your strangely shaped body.
Your body sometimes deteriorates upon taking damage.
You are dopey. (Int -2)
Your magical capacity is low. (-10% MP)
You are robust. (+10% HP)
Your muscles are strong. (Str +2)
Your spells are a little harder to cast, but a little more powerful.


Message History

You hit the hornet.
The hornet is lightly wounded.
The hornet closely misses you.
You hit the hornet.
The hornet is lightly wounded.
The hornet stings you!
* * * LOW HITPOINT WARNING * * *
You feel as though you will be slow longer.
The hornet misses you.
You closely miss the hornet.
The hornet is lightly wounded.
The hornet stings you but does no damage.
You hit the hornet.
The hornet is lightly wounded.
The hornet barely misses you.
You closely miss the hornet.
The hornet is lightly wounded.
The hornet stings you!
You die...
Xom howls with laughter!

,....#.##.#######....##.....#
...............##....######.#
,.....##....###.##..).# #.##
,.....*#....#....#....######.#.
..., #....#...(#...........#.
.. #.........#....########.
#................# #. ,
#.......#####....# #.
###...y@.# #....# #. #......##
#....######.
#.......####.###......
...............# #.#####
....#..........# #.#...#
...>#.####.....# #.#.#.# ### #.
* #########.#.#.# #.
..#.......#.# #.#.###.#....


You could see a hornet.

Vanquished Creatures
  Eustachio (D:5)
  A phantom (D:6)
  A necrophage (D:7)
  A centaur (D:6)
  A water moccasin zombie (D:7)
  Dowan (D:5)
  A scorpion (D:4)
  A howler monkey (D:7)
  A crimson imp (D:6)
  A quasit (D:6)
  An iron imp (D:6)
  A jelly (D:6)
  A centaur skeleton (D:2)
  2 hounds
  4 orc priests
  2 orc wizards (D:6)
  Ijyb (D:4)
  Terence (D:2)
  2 iguanas (D:6)
  4 worker ants
  A howler monkey skeleton (D:4)
  5 gnolls
  5 adders
  4 worms
  8 leopard geckos
  19 orcs
  5 giant cockroaches
  11 hobgoblins
  10 jackals
  8 bats
  7 frilled lizards
  3 goblins
  A jackal skeleton (D:6)
  9 kobolds
  A quokka zombie (D:5)
  6 rats
132 creatures vanquished.

Vanquished Creatures (collateral kills)
  An ogre (D:7)
  A scorpion (D:4)
  2 orc wizards (D:4)
  A gnoll (D:4)
  An orc (D:4)
  A jackal zombie (D:7)
7 creatures vanquished.

Vanquished Creatures (others)
  Prince Ribbit (D:5)
  Duvessa (D:5)
  A bush (D:5)
3 creatures vanquished.

Grand Total: 142 creatures vanquished

Notes
Turn   | Place    | Note
-------+----------+-------------------------------------------
     0 | D:1      | barcode the Deep Dwarf Chaos Knight began the quest for the
                  | Orb.
     0 | D:1      | Reached XP level 1. HP: 20/20 MP: 1/1
   253 | D:1      | Reached skill level 3 in Short Blades
   253 | D:1      | Reached XP level 2. HP: 22/28 MP: 2/2
   279 | D:1      | XOM: harmless Chrm miscast
   324 | D:1      | XOM: harmless Air miscast
   775 | D:2      | XOM: harmless Tmut miscast
   867 | D:2      | Reached XP level 3. HP: 23/34 MP: 3/3
  1161 | D:2      | Reached XP level 4. HP: 26/44 MP: 4/4
  1264 | D:2      | XOM: medium Pois miscast
  1347 | D:2      | Noticed Terence
  1363 | D:2      | Killed Terence
  1453 | D:2      | Reached skill level 4 in Short Blades
  1509 | D:2      | XOM: god gift: 20 stones
  1670 | D:2      | Found a runed translucent door.
  1671 | D:2      | Noticed Crazy Yiuf
  1825 | D:3      | Reached XP level 5. HP: 33/50 MP: 4/4
  1906 | D:3      | XOM: harmless Necr miscast
  1942 | D:3      | Found a faded altar of an unknown god.
  1963 | D:3      | XOM is BORED!
  1963 | D:3      | XOM: noise
  2313 | D:3      | XOM: harmless Tloc miscast
  2340 | D:3      | XOM: medium Chrm miscast
  2411 | D:4      | XOM: mild Conj miscast
  2435 | D:4      | XOM: noise
  2449 | D:4      | Noticed Ijyb
  2457 | D:4      | Killed Ijyb
  2582 | D:4      | XOM: summons friendly crimson imp
  2604 | D:4      | Reached XP level 6. HP: 37/58 MP: 5/5
  2642 | D:4      | Gained mutation: Your magical capacity is low. (-10% MP)
                  | [potion of mutation]
  2642 | D:4      | Gained mutation: You are robust. (+10% HP) [potion of
                  | mutation]
  2873 | D:4      | XOM: summons friendly white imp
  2895 | D:4      | Reached skill level 5 in Fighting
  2895 | D:4      | Reached skill level 5 in Short Blades
  3270 | D:4      | XOM is BORED!
  3270 | D:4      | XOM: give mutations
  3270 | D:4      | Gained mutation: Your body sometimes deteriorates upon
                  | taking damage. [Xom's mischief]
  3270 | D:4      | Gained mutation: Armour fits poorly on your strangely
                  | shaped body. [Xom's mischief]
  3270 | D:4      | Gained mutation: Your spells are a little harder to cast,
                  | but a little more powerful. [Xom's mischief]
  3376 | D:5      | Entered Level 5 of the Dungeon
  3376 | D:5      | Noticed Duvessa
  3376 | D:5      | Noticed Dowan
  3376 | D:5      | Noticed Prince Ribbit
  3434 | D:5      | Noticed Eustachio
  3445 | D:5      | XOM: summons 1 friendly demon
  3455 | D:5      | XOM: confuse monster(s)
  3477 | D:5      | Killed Eustachio
  3477 | D:5      | Reached XP level 7. HP: 40/73 MP: 5/5
  3638 | D:5      | XOM: noise
  3909 | D:5      | XOM: 4-stop teleportation journey
  4026 | D:4      | XOM: scenery: create altars
  4159 | D:4      | XOM: cloud trail
  4251 | D:5      | XOM: confuse monster(s)
  4270 | D:5      | Found a blossoming altar of Fedhas.
  4302 | D:5      | XOM: cleaving
  4319 | D:5      | Killed Prince Ribbit
  4319 | D:5      | XOM: destruction
  4475 | D:5      | XOM: scenery: create altars
  4496 | D:5      | Killed Duvessa
  4496 | D:5      | Reached skill level 6 in Short Blades
  4502 | D:5      | Killed Dowan
  4785 | D:6      | XOM: noise
  4806 | D:6      | XOM: scenery: create altars
  4813 | D:6      | Reached XP level 8. HP: 27/83 MP: 6/6
  5036 | D:6      | Reached skill level 7 in Short Blades
  5050 | D:6      | Found a shadowy altar of Dithmenos.
  5433 | D:6      | XOM: give mutation
  5433 | D:6      | Gained mutation: Your muscles are strong. (Str +2) [Xom's
                  | grace]
  5562 | D:6      | Found a snail-covered altar of Cheibriados.
  5568 | D:6      | XOM: god gift: 2 scrolls labeled MIABAMNABU {god gift}
  6001 | D:7      | XOM: give mutation
  6001 | D:7      | Gained mutation: You are dopey. (Int -2) [Xom's mischief]
  6012 | D:7      | XOM: summons 2 friendly demons
  6068 | D:7      | XOM: confusion
  6105 | D:7      | HP: 3/85 [orc priest/divine providence (12)]
  6153 | D:7      | Noticed a hippogriff
  6173 | D:7      | HP: 3/85 [howler monkey (4)]
  6174 | D:7      | HP: 1/85 [howler monkey (2)]
  6176 | D:7      | Reached skill level 8 in Short Blades
  6269 | D:7      | Noticed a hornet
  6278 | D:7      | HP: 3/85 [hornet (6)]
  6281 | D:7      | Slain by a hornet

Skill      XL: |  1  2  3  4  5  6  7  8 |
---------------+-------------------------+-----
Fighting       | 3 4 5 6 |  6.8
Short Blades   | 3 4 5 6 8 |  8.0
Dodging        | 2 |  2.4
Armour         | 3 |  3.3

Action                   |  1- 3 |  4- 6 |  7- 9 || total
-------------------------+-------+-------+-------++-------
Melee: Short sword       |   175 |   378 |       ||   553
       Rapier            |       |       |   298 ||   298
 Abil: Heal Wounds       |       |     1 |       ||     1
Evoke: Wand              |       |       |     8 ||     8
  Use: Scroll            |       |     1 |     7 ||     8
       Potion            |       |     3 |     4 ||     7
  Eat: Chunk             |     1 |     8 |     7 ||    16
       Ration            |       |       |     2 ||     2
Armor: Leather armour    |    71 |   122 |    94 ||   287
Dodge: Dodged            |    99 |   196 |   166 ||   461
